 Dungeon Crawl Stone Soup version 0.21.1-1-g345015fe64 (webtiles) character file.

6024 Jannitor the Nimble (level 11, -6/75 HPs)
             Began as a Halfling Berserker on June 5, 2018.
             Was an Elder of Trog.
             Mangled by an orc knight
             ... wielding a +4 war axe
              (20 damage)
             ... in a bailey.
             The game lasted 00:14:41 (9629 turns).

Jannitor the Nimble (Halfling Berserker)            Turns: 9629, Time: 00:14:42

Health: -6/75      AC: 13    Str: 21      XL:     11   Next: 11%
Magic:  3/3        EV: 16    Int:  2 (5)  God:    Trog [****..]
Gold:   559        SH: 11    Dex: 15      Spells: 10/10 levels left

rFire    . . .     SeeInvis .   z - +8 morningstar (antimagic)
rCold    . . .     Gourm    .   j - +0 shield
rNeg     . . .     Faith    +   A - +0 scale mail (curse)
rPois    .         Spirit   .   h - +0 helmet
rElec    .         Reflect  .   D - +2 cloak
rCorr    +         Harm     .   (no gloves)
MR       +....                  (no boots)
Stlth    ..........             x - amulet of faith
HPRegen  0.22/turn              C - ring of resist corrosion (curse)
MPRegen  0.08/turn              B - ring of protection from magic

@: berserk cooldown
A: small, mutation resistance 1
a: Berserk, Trog's Hand, Brothers in Arms, Burn Spellbooks, Renounce Religion


You were in a bailey.
You worshipped Trog.
Trog was greatly pleased with you.
You were not hungry.

You visited 1 branch of the dungeon, and saw 9 of its levels.
You also visited: Bailey.

You collected 559 gold pieces.

Inventory:

Hand Weapons
 a - a +1 mace
 y - a +0 flail
 z - a +8 antimagic morningstar (weapon)
 G - the +7 arbalest "Concordance" {penet, Str+4}
   (You took it off an orc warrior in a bailey)

   Ammo fired by it will pass through the targets it hits, potentially hitting
   all targets in its path until it reaches maximum range.
   It affects your strength (+4).
Armour
 b - a +0 animal skin
 d - a +1 scale mail
 h - a +0 helmet (worn)
 i - a +0 ring mail
 j - a +0 shield (worn)
 A - a cursed +0 scale mail (worn)
 D - a +2 cloak (worn)
Jewellery
 v - a +2 ring of protection
 x - an amulet of faith (around neck)
 B - a ring of protection from magic (right hand)
 C - a cursed ring of resist corrosion (left hand)
Wands
 f - a wand of iceblast (9)
 s - a wand of enslavement (5)
 E - a wand of clouds (5)
Scrolls
 k - 2 scrolls of amnesia
 l - 2 scrolls of enchant weapon
 m - 7 scrolls of identify
 n - 3 scrolls of remove curse
 q - a scroll of teleportation
 w - 2 scrolls of fear
 I - a scroll of blinking {unknown}
Potions
 e - 2 potions of lignification
 g - a potion of haste
 o - 7 potions of curing
 p - 3 potions of brilliance
 r - a potion of ambrosia
 t - a potion of heal wounds
 u - a potion of magic
 F - 2 potions of experience {unknown}
Comestibles
 c - 7 rations


   Skills:
 + Level 7.3 Fighting
 + Level 7.3 Maces & Flails
 + Level 8.3 Armour
 + Level 8.4 Dodging
 + Level 6.9 Shields


You had 10 spell levels left.
You didn't know any spells.

Dungeon Overview and Level Annotations

Branches:
Dungeon (9/15)             Temple (0/1) D:7
   Lair: D:8-11         Orc: D:9-12

Altars:
Cheibriados
Dithmenos
Elyvilon
Makhleb
Okawaru
Ru
Sif Muna
Uskayaw
Xom

Shops:
D:5 [

Annotations:
D:9 1 transporter


Innate Abilities, Weirdness & Mutations

You are small and have problems with some larger weapons.
You are somewhat resistant to further mutation.


Message History

Attack!
Your ogre closely misses the orc knight.
The orc hits you but does no damage.
Your ogre hits the orc knight with a giant spiked club!!!
You closely miss the orc.
Your ogre barely misses the orc knight.
Your ogre closely misses the orc knight.
The orc hits you with a hand axe. The orc barely misses you.
Unknown command.
Your shield and scale mail prevent you from hitting the orc.
You feel yourself speed up.
Your ogre rages.
Your ogre misses the orc knight. x2
The orc knight hits you with an enchanted war axe!!
* * * LOW HITPOINT WARNING * * *
The orc knight hits your ogre with an enchanted war axe!!
The orc knight hits your ogre with an enchanted war axe!
You block the orc's attack.
Your ogre misses the orc knight.
Your ogre hits the orc knight with a giant club!!
The orc knight hits you with an enchanted war axe!!
You die...

#...........#
'...........#
#.....⌠.....#
#...........#
#....o..)...#
#.....))))### ♣♣♣♣
###.....#)#.### ♣♣..♣♣
###.###o)...###♣♣♣....♣
## ..
###.@.))....##......♣
8##.o
#..o.......)#)).....
8#..
#.OO.......)'.......


o'g #.....⌠....))..∩.∩.. 8# #...........'....... 8# #...........#....... ###
###.).......##....... #.### ###.###))...###♣♣...... ....### ###....)#)#.###
♣♣♣.♣.♣ You could see an orc knight, an orc and 2 friendly ogres.

Vanquished Creatures
  A two-headed ogre (D:8)
  An unseen horror (D:8)
  Pikel (D:8)
  The ghost of zorgos the Shield-Bearer, a novice MiFi (D:4)
  The ghost of mrdizzer the Cutter, an amateur SpAK of Lugonu (D:3)
  15 orc warriors
  3 ice beasts
  2 sky beasts
  A black bear (D:7)
  An ogre (D:7)
  3 centaurs
  A bullfrog (D:8)
  3 scorpions
  A water moccasin skeleton (D:9)
  4 wights (D:8)
  4 crimson imps
  2 hounds
  A jelly (D:8)
  A bullfrog zombie (D:9)
  2 centaur skeletons
  An orc wizard (D:7)
  A gnoll shaman (D:4)
  2 iguanas
  Jessica (D:2)
  5 worker ants
  A hound zombie (D:5)
  A hound skeleton (D:7)
  15 gnolls
  A howler monkey skeleton (D:5)
  4 adders
  3 shadow imps (D:5)
  2 oozes
  An adder skeleton (D:4)
  2 worms (D:2)
  2 dart slugs
  3 leopard geckos
  20 orcs
  4 bats
  6 giant cockroaches
  25 goblins
  21 hobgoblins
  4 jackals (D:2)
  A quokka (D:4)
  A ball python (D:3)
  7 frilled lizards
  8 kobolds
  A quokka zombie (D:5)
  6 rats
198 creatures vanquished.

Vanquished Creatures (collateral kills)
  An orc knight (Bailey)
  2 orc warriors (Bailey)
  3 orcs (Bailey)
  2 hobgoblins (Bailey)
  3 goblins (Bailey)
11 creatures vanquished.

Grand Total: 209 creatures vanquished

Notes
Turn   | Place    | Note
-------+----------+-------------------------------------------
     0 | D:1      | Jannitor the Halfling Berserker began the quest for the Orb.
     0 | D:1      | Reached XP level 1. HP: 15/15 MP: 1/1
   125 | D:1      | Reached XP level 2. HP: 17/20 MP: 2/2
   610 | D:1      | Reached XP level 3. HP: 18/25 MP: 3/3
   616 | D:1      | Reached ** piety under Trog
   937 | D:2      | Noticed Jessica
   943 | D:2      | Killed Jessica
   943 | D:2      | Reached XP level 4. HP: 26/31 MP: 4/4
  1323 | D:2      | Found a burning altar of Makhleb.
  1579 | D:3      | Noticed mrdizzer's ghost (amateur SpAK)
  1987 | D:3      | Found a shadowy altar of Dithmenos.
  2028 | D:3      | Reached XP level 5. HP: 36/36 MP: 5/5
  2069 | D:3      | Reached *** piety under Trog
  2629 | D:4      | Reached XP level 6. HP: 41/43 MP: 6/6
  2637 | D:4      | Noticed zorgos's ghost (novice MiFi)
  2650 | D:4      | Found an iron altar of Okawaru.
  2653 | D:5      | Entered Level 5 of the Dungeon
  2925 | D:4      | Found a deep blue altar of Sif Muna.
  2925 | D:4      | Found a snail-covered altar of Cheibriados.
  3010 | D:5      | Found Wenitiat's Antique Armour Shop.
  3110 | D:4      | Reached XP level 7. HP: 33/48 MP: 7/7
  3715 | D:5      | Reached skill level 1 in Shields
  4042 | D:5      | Found a white marble altar of Elyvilon.
  4146 | D:4      | Killed zorgos's ghost
  4146 | D:4      | Reached skill level 5 in Armour
  4146 | D:4      | Reached skill level 5 in Dodging
  4146 | D:4      | Reached XP level 8. HP: 54/54 MP: 8/8
  4831 | D:3      | Killed mrdizzer's ghost
  5130 | D:6      | Reached skill level 5 in Fighting
  5130 | D:6      | Reached skill level 5 in Maces & Flails
  6141 | D:7      | Reached XP level 9. HP: 61/61 MP: 9/9
  6359 | D:7      | Reached **** piety under Trog
  6377 | D:7      | Found a staircase to the Ecumenical Temple.
  6425 | D:7      | Found a sacrificial altar of Ru.
  7095 | D:8      | Noticed a two-headed ogre
  7110 | D:8      | Killed a two-headed ogre
  7110 | D:8      | Reached skill level 5 in Shields
  7173 | D:8      | Found a shimmering altar of Xom.
  7174 | D:8      | Found a hide-covered altar of Uskayaw.
  7183 | D:8      | Reached XP level 10. HP: 43/68 MP: 10/10
  7275 | D:8      | Killed an unseen horror
  7876 | D:8      | Noticed Pikel
  7919 | D:8      | Killed Pikel
  8119 | D:9      | Found a transporter.
  8178 | D:9      | Found a flagged portal.
  8197 | Bailey   | Entered a bailey
  8755 | Bailey   | Reached ***** piety under Trog
  9113 | Bailey   | Noticed an orc knight
  9118 | Bailey   | Received a gift from Trog
  9125 | Bailey   | Killed an orc knight
  9143 | Bailey   | Reached XP level 11. HP: 21/75 MP: 3/11
  9389 | Bailey   | Got a polished arbalest
  9390 | Bailey   | Identified the +7 arbalest "Concordance" {penet, Str+4} (You took it off an orc warrior in a bailey)
  9441 | Bailey   | Noticed an orc knight
  9629 | Bailey   | Mangled by an orc knight

Skill      XL: |  1  2  3  4  5  6  7  8  9 10 |
---------------+-------------------------------+-----
Maces & Flails | 3 4 5 6 7 |  7.3
Fighting       | 3 4 5 6 7 |  7.3
Armour         | 3 4 5 6 8 |  8.3
Dodging        | 3 4 5 7 8 |  8.4
Shields        | 2 3 5 6 |  6.9

Action                   |  1- 3 |  4- 6 |  7- 9 | 10-12 || total
-------------------------+-------+-------+-------+-------++-------
Melee: Mace              |    91 |   246 |   331 |    89 ||   757
       Flail             |       |       |       |   178 ||   178
       Morningstar       |       |       |       |    58 ||    58
Invok: Berserk           |       |     5 |     6 |     8 ||    19
       Burn Spellbooks   |       |       |     1 |     1 ||     2
       Trog's Hand       |       |       |       |     3 ||     3
       Brothers in Arms  |       |       |       |     3 ||     3
  Use: Scroll            |       |    10 |     3 |     1 ||    14
       Potion            |       |       |     1 |     7 ||     8
  Eat: Chunk             |       |     7 |     5 |    11 ||    23
       Ration            |       |     2 |     4 |     2 ||     8
Armor: Animal skin       |     4 |       |       |       ||     4
       Scale mail        |    22 |    83 |   108 |    80 ||   293
       Ring mail         |     4 |       |       |       ||     4
Dodge: Dodged            |    80 |   175 |   160 |   162 ||   577
Block: Shield            |       |       |   165 |   191 ||   356
